 Dungeon Crawl Stone Soup version 0.26-a0-810-ge1a9524b62 (webtiles) character file.

Game seed: 4899264827655354509

3336 strifetoe the Cleaver (level 10, 0/79 (80) HPs)
             Began as a Hill Orc Fighter on Nov 13, 2020.
             Was an Elder of Beogh.
             Slain by a cyclops (23 damage)
             ... on level 11 of the Dungeon.
             The game lasted 00:13:12 (9730 turns).

strifetoe the Cleaver (Hill Orc Fighter)            Turns: 9730, Time: 00:13:13

HP:   0/79 (80)     AC: 14    Str: 22    XL:     10   Next: 2%
MP:   17/17         EV:  4    Int:  9    God:    Beogh [****..]
Gold: 296           SH:  9    Dex: 10    Spells: 9/9 levels left

rFire    . . .     SeeInvis .   J - +9 sword of Zonguldrok {reap}
rCold    . . .     Faith    .   c - +0 kite shield
rNeg     . . .     Spirit   .   i - +1 plate armour
rPois    +         Reflect  .   (no helmet)
rElec    .         Harm     .   z - +0 cloak
rCorr    .         Rampage  .   E - +0 pair of gloves
MR       +....                  (no boots)
Stlth    ..........             (no amulet)
HPRegen  0.23/turn              e - ring of poison resistance
MPRegen  0.15/turn              j - ring of protection from magic

@: about to teleport
A: no striking features
a: Smiting, Recall Orcish Followers, Renounce Religion


You were on level 11 of the Dungeon.
You worshipped Beogh.
Beogh was greatly pleased with you.
You visited 1 branch of the dungeon, and saw 9 of its levels.

You collected 489 gold pieces.
You spent 193 gold pieces at shops.

Inventory:

Hand Weapons
 a - a +1 war axe
 s - a +2 vorpal hand axe
 H - a +2 halberd of venom
 J - the +9 sword of Zonguldrok (weapon) {reap}
   (You found it on level 8 of the Dungeon)

   If a monster killed with it leaves a corpse in good enough shape, the corpse
   will be animated as a zombie friendly to the killer.
Armour
 b - a +0 scale mail
 c - a +0 kite shield (worn)
 i - a +1 plate armour (worn)
 z - a +0 cloak (worn)
 E - a +0 pair of gloves (worn)
Jewellery
 e - a ring of poison resistance (left hand)
 j - a ring of protection from magic (right hand)
 o - an uncursed ring of resist corrosion
Wands
 y - a wand of polymorph (7)
 F - a wand of disintegration (9)
Scrolls
 g - 3 scrolls of enchant weapon
 l - 4 scrolls of teleportation
 n - 4 scrolls of remove curse
 r - 2 scrolls of fear
 t - 2 scrolls of amnesia
 u - a scroll of enchant armour
 A - a scroll of fog
 I - a scroll of identify
Potions
 d - a potion of might
 f - 2 potions of flight
 h - 2 potions of resistance
 k - 4 potions of lignification
 m - 4 potions of heal wounds
 p - a potion of magic
 q - a potion of attraction {unknown}
 v - 2 potions of curing
 w - 3 potions of mutation
 x - 3 potions of cancellation {unknown}
 B - a potion of ambrosia {unknown}
 C - 3 potions of haste
 D - 2 potions of invisibility {unknown}
 G - a potion of berserk rage {unknown}


   Skills:
 + Level 4.6 Fighting
 + Level 2.3 Long Blades
 - Level 13.9 Axes
 - Level 3.2 Armour
 - Level 3.2 Shields
 + Level 9.7 Invocations


You had 9 spell levels left.
You didn't know any spells.
Your spell library contained the following spells:

 Spells                   Type           Power        Failure   Level
 Leda's Liquefaction      Hex/Erth       #.........   100%        4
 Bolt of Magma            Conj/Fire/Erth #.........   100%        5
 Iron Shot                Conj/Erth      #.........   100%        6
 Statue Form              Tmut/Erth      #........    100%        6
 Shatter                  Erth           #.........   100%        9


Dungeon Overview and Level Annotations

Branches:
Dungeon (8/15)             Temple (0/1) D:5
   Lair: D:8-11

Altars:
Cheibriados
Elyvilon
Hepliaklqana
Kikubaaqudgha
Makhleb
Sif Muna
Trog
Uskayaw
Xom
Zin
The Shining One

Shops:
D:5 (   D:6 (}*!

Annotations:
D:3 1 exclusion
D:5 1 runed translucent door, exclusion: downstairs, CzarTim's ghost, novice GnWn


Message History

Okay, then.
As you read the scroll of teleportation, it crumbles to dust.
You feel strangely unstable. You block the kobold's attack.
You block the big kobold's attack.
Unknown command.
You closely miss the big kobold. You block the kobold's attack.
A jelly comes into view.
The big kobold barely misses you. The kobold barely misses you.
The kobold completely misses you.
Unknown command.
You closely miss the kobold.
Your surroundings seem slightly different.
The jelly quivers.
The cyclops hits you!
* * * LOW HITPOINT WARNING * * *
You block the jelly's attack.
Unknown command.
As you read the scroll of teleportation, it crumbles to dust.
You feel strangely unstable. The cyclops hits you!!
You die...

..... ###.. ##........
##...# ####.........###
##..... ............>.#
#...... #.......#..#.#
#......
#.......#..#.###......
..#..............##.....
.#...............##K####
.......@...........##
.###$.CJ.......O##.#
#..........#....#
#...............#
#..K...(.......##
###K.##(####.#..#
#####()(.##../........
####.KO..K###!.####......
#...?##.#####K.## .....


You could see a cyclops, a big kobold, a jelly and 2 kobolds.

Vanquished Creatures
  A phantom (D:5)
  An ice beast (D:6)
  A sky beast (D:6)
  A necrophage (D:7)
  A tengu (D:6)
  3 ogres
  4 centaurs
  A big kobold (D:7)
  Blork the orc (D:5)
  A bullfrog (D:8)
  2 scorpions
  A water moccasin skeleton (D:5)
  5 killer bees (D:8)
  A howler monkey (D:5)
  3 vampire bats (D:6)
  A bullfrog zombie (D:7)
  An electric eel (D:6)
  4 crimson imps (D:4)
  A bullfrog skeleton (D:5)
  3 hounds
  2 centaur skeletons (D:4)
  A jelly (D:8)
  Crazy Yiuf (D:3)
  4 orc priests
  A gnoll shaman (D:8)
  17 orc wizards
  An iguana (D:4)
  5 worker ants
  2 worker ant zombies (D:5)
  12 gnolls
  6 adders
  A howler monkey skeleton (D:5)
  A shadow imp (D:5)
  A white imp (D:4)
  2 ufetubi
  An ooze (D:6)
  An adder skeleton (D:4)
  A worm (D:2)
  3 dart slugs
  3 leopard geckos
  23 orcs
  10 bats
  A bat skeleton (D:6)
  4 bat zombies (D:6)
  5 giant cockroaches
  9 goblins
  8 hobgoblins
  25 jackals
  12 kobolds
  6 quokkas
  6 frilled lizards
  A jackal skeleton (D:8)
  A jackal zombie (D:6)
  A quokka skeleton (D:5)
  11 rats
226 creatures vanquished.

Vanquished Creatures (collateral kills)
  A sky beast (D:8)
1 creature vanquished.

Vanquished Creatures (others)
  An orc priest (D:4)
  2 orc wizards
  An adder (D:4)
  4 orcs
  2 bushes (D:8)
  4 fungi (D:8)
  21 plants (D:8)
35 creatures vanquished.

Grand Total: 262 creatures vanquished

Notes
Turn   | Place    | Note
-------+----------+-------------------------------------------
     0 | D:1      | strifetoe the Hill Orc Fighter began the quest for the Orb.
     0 | D:1      | Reached XP level 1. HP: 19/19 MP: 1/1
    25 | D:1      | Reached skill level 3 in Axes
   123 | D:1      | Reached XP level 2. HP: 26/26 MP: 2/2
   260 | D:1      | Reached skill level 4 in Axes
   373 | D:1      | Reached XP level 3. HP: 31/31 MP: 3/3
   557 | D:2      | Reached skill level 5 in Axes
   606 | D:3      | Reached XP level 4. HP: 28/39 MP: 4/4
   687 | D:3      | Reached skill level 6 in Axes
   736 | D:4      | Found a burning altar of Makhleb.
   798 | D:4      | Reached XP level 5. HP: 41/45 MP: 5/5
   857 | D:4      | Reached skill level 7 in Axes
  1006 | D:4      | Became a worshipper of Beogh the Brigand
  1464 | D:2      | Found a hide-covered altar of Uskayaw.
  1470 | D:2      | Noticed a +0 dagger
  1471 | D:2      | Noticed a +0 hand axe
  1503 | D:2      | Reached skill level 8 in Axes
  1541 | D:2      | Reached XP level 6. HP: 46/51 MP: 6/6
  2280 | D:2      | Found a glowing golden altar of the Shining One.
  2454 | D:3      | Found a white marble altar of Elyvilon.
  2593 | D:3      | Found a shimmering blue altar of Sif Muna.
  2712 | D:3      | Reached * piety under Beogh
  2862 | D:3      | Found a runed translucent door.
  2863 | D:3      | Noticed Crazy Yiuf
  3329 | D:3      | Killed Crazy Yiuf
  3492 | D:4      | Reached skill level 9 in Axes
  3692 | D:4      | Reached XP level 7. HP: 57/57 MP: 7/7
  4104 | D:4      | Reached skill level 10 in Axes
  4126 | D:4      | Found a shimmering altar of Xom.
  4710 | D:5      | Entered Level 5 of the Dungeon
  4717 | D:5      | Found a staircase to the Ecumenical Temple.
  4722 | D:5      | Reached skill level 11 in Axes
  4986 | D:5      | Reached skill level 1 in Invocations
  5106 | D:5      | Reached XP level 8. HP: 55/64 MP: 7/9
  5210 | D:5      | Noticed Blork the orc
  5226 | D:5      | Killed Blork the orc
  5472 | D:5      | Found Yriul's Weapon Shoppe.
  5606 | D:5      | Found a runed translucent door.
  5608 | D:5      | Noticed CzarTim's ghost (novice GnWn)
  6039 | D:5      | Reached ** piety under Beogh
  6039 | D:5      | Reached skill level 12 in Axes
  6397 | D:6      | Reached skill level 5 in Invocations
  6516 | D:6      | Found Punkiugi's Antique Weapon Emporium.
  6614 | D:6      | Found Zienav's Gadget Boutique.
  6667 | D:6      | Noticed Prince Ribbit
  6952 | D:6      | Noticed Prince Ribbit
  6952 | D:6      | Prince Ribbit changed into Prince Ribbit the tengu
  6957 | D:6      | Killed Prince Ribbit the tengu
  6957 | D:6      | Reached XP level 9. HP: 53/70 MP: 13/13
  7060 | D:6      | Found a hazy altar of Hepliaklqana.
  7228 | D:6      | Found a snail-covered altar of Cheibriados.
  7232 | D:6      | Found Keri's Distillery.
  7562 | D:6      | Reached skill level 13 in Axes
  7728 | D:6      | Found Reylok's Assorted Antiques.
  7738 | D:6      | Bought a puce potion for 27 gold pieces
  7738 | D:6      | Bought a glowing amethyst potion for 27 gold pieces
  7738 | D:6      | Bought a pair of gloves for 139 gold pieces
  7960 | D:6      | Found an ancient bone altar of Kikubaaqudgha.
  8482 | D:7      | Reached *** piety under Beogh
  9122 | D:7      | Found a glowing silver altar of Zin.
  9384 | D:8      | Noticed a moth of wrath
  9387 | D:8      | Found a bloodstained altar of Trog.
  9389 | D:8      | Found the +9 sword of Zonguldrok {reap}
  9482 | D:8      | Reached skill level 1 in Long Blades
  9510 | D:8      | Noticed a brown ugly thing
  9511 | D:8      | Reached XP level 10. HP: 65/79 MP: 17/17
  9650 | D:8      | Reached **** piety under Beogh
  9669 | D:8      | You fall into a shaft and drop 3 floors!
  9676 | D:11     | Noticed a two-headed ogre
  9682 | D:11     | Noticed a cyclops
  9730 | D:11     | Slain by a cyclops

Illustrated notes

Levels and vault maps discovered:
D:1:      minmay_arrival_radiant_lines, layout_loops_ring,
          minmay_misc_feat_pillars
D:2:      layout_basic, dancing_weapons_uskayaw, tso_altar, minmay_tetromino_o2
D:3:      layout_loops_ring, elyvilon_altar_3, serial_rivers,
          chequers_serial_rivers_large_b, chequers_serial_rivers_small_a,
          chequers_serial_rivers_marsh, chequers_serial_rivers_micro_a,
          chequers_serial_rivers_room_b, chequers_serial_rivers_small_a,
          led_sif_book, uniq_crazy_yiuf_cottage
D:4:      layout_layer_cave, led_xom_imps, bloody_makhleb
D:5:      layout_loops_corners, minmay_temple_entry_waves,
          ebering_ghost_sewer_d, serial_shops, shop, uniq_blork_the_orc
D:6:      layout_basic, kennysheep_vampire_church, kennysheep_little_box,
          kennysheep_slug_shrine, serial_shops, nicolae_shop_waterfront,
          kennysheep_mini_moat, shop, nicolae_shop_waterfront, enter_ossuary_5,
          uniq_prince_ribbit1
D:7:      layout_rooms, lemuel_coloured_pillars_altar,
          kennysheep_generic_room_15
D:8:      layout_loops_ring, tgw_trog, marbit_many_paths,
          minmay_lair_entry_grove, gammafunk_ghost_hydra_chop, minmay_radiant
D:11:     layout_rooms, ebering_ghost_gozag, david_defended_altar_elf

Skill      XL: |  1  2  3  4  5  6  7  8  9 |
---------------+----------------------------+-----
Axes           | 3 4 5 6 8 9 11 12 13 | 13.9
Invocations    | 1 6 9 |  9.7
Long Blades    | 2 |  2.3
Fighting       | 4 |  4.6
Armour         | |  3.2
Shields        | |  3.2

Action                   |  1- 3 |  4- 6 |  7- 9 | 10-12 || total
-------------------------+-------+-------+-------+-------++-------
Melee: War axe           |    97 |   147 |       |       ||   244
       Hand axe          |       |    44 |   451 |       ||   495
       Double sword      |       |       |    24 |    11 ||    35
Invok: Convert to Beogh  |       |     1 |       |       ||     1
Evoke: Wand              |       |       |     9 |     2 ||    11
  Use: Scroll            |       |     6 |     9 |     3 ||    18
 Stab: Paralysed         |       |       |     8 |       ||     8
Armor: Scale mail        |    22 |       |       |       ||    22
       Plate armour      |    30 |   119 |   211 |    11 ||   371
Dodge: Dodged            |    25 |    23 |    40 |     4 ||    92
Block: Kite shield       |    44 |    90 |   174 |    16 ||   324

Table legend: (Time is in decaauts)
 A = Elapsed time spent in this place.
 B = Non-inter-level travel time spent in this place.
 C = Inter-level travel time spent in this place.
 D = Time resting spent in this place.
 E = Time spent auto-exploring this place.
 F = Levels seen in this place.
 G = Mean time per level.
                   A        B        C        D        E       F      G
               +--------+--------+--------+--------+--------+-----+--------+
         Total |   9754 |   9425 |    329 |   1272 |   6414 |   9 | 1083.8 |
       Dungeon |   9754 |   9425 |    329 |   1272 |   6414 |   9 | 1083.8 |
               +--------+--------+--------+--------+--------+-----+--------+

Top non-repeatable levels by time:
     D:6: 1975 daAuts
     D:4: 1734 daAuts
     D:5: 1717 daAuts
     D:3: 1304 daAuts
     D:2: 996 daAuts
     D:1: 775 daAuts
     D:7: 743 daAuts
     D:8: 444 daAuts
    D:11: 63 daAuts
